 Dungeon Sprint DCSS version 0.16-a0-3761-g2321f2b (webtiles) character file.

434893 BluebellGnoll the Bringer of Life (level 17, 288/288 HPs)
             Began as a Deep Dwarf Healer on Jan 23, 2015.
             Was the Champion of Elyvilon.
             Escaped with the Orb!
             The game lasted 02:10:12 (7684 turns).

BluebellGnoll the Bringer of Life (DDHe)            Turns: 7684, Time: 02:10:12

Health: 288/288    AC: 41    Str: 27    XL:     17   Next: 66%
Magic:  53/53      EV: 21    Int: 15    God:    Elyvilon [******]
Gold:   0          SH: 36    Dex: 18    Spells: 1 memorised, 14 levels left

rFire  + . .     SeeInvis +     t - +10 war axe of the Mushroom {freeze, +Blink rC+ Int-3 Dex-2}
rCold  + + +     Clarity  +     I - +5 gold dragon armour
rNeg   + + +     SustAb   .     r - +18 shield of the gong {rElec rN+ MR+ EV-5}
rPois  +         Gourm    .     L - +1 helmet {Int+3}
rElec  +         Spirit   .     V - +1 cloak of Pneteyt {rElec Str+3 Int-3 Slay+2}
rCorr  .         Warding  .     (no gloves)
rMut   .         NoTele   +     p - +2 pair of boots {run}
MR     +++..                    X - amulet of Coheuh {Clar rN+ Int+2}
Stlth  ..........               R - ring "Xastasya" {rC+ Int+2 Slay+2 SInv}
                                N - +5 ring of slaying

@: mighty, agile, divinely vigorous, protection, very slightly contaminated,
non-regenerating, hasted, invisible, very quick, extremely resistant to hostile
enchantments, extremely unstealthy
A: damage resistance, recharge devices, deterioration 1, negative energy
resistance 1, sense surroundings 2, slow healing 3
a: Device Recharging, Lesser Healing, Lesser Self-Healing, Divine Protection,
Purification, Greater Healing, Greater Self-Healing, Divine Vigour, Renounce
Religion, Evoke Blink
0: Orb of Zot


You escaped.
You worshipped Elyvilon.
Elyvilon was exalted by your worship.
You were not hungry.

You visited 1 branch

Inventory:

Hand weapons
 t - the +10 war axe of the Mushroom (weapon) {freeze, +Blink rC+ Int-3 Dex-2}
   (You found it in the Dungeon)

   It has been specially enchanted to freeze those struck by it, causing extra
   injury to most foes and up to half again as much damage against particularly
   susceptible opponents.
   It can also slow down cold-blooded creatures.
   It affects your intelligence (-3).
   It affects your dexterity (-2).
   It protects you from cold.
   It lets you blink.
 J - a +9 broad axe of chopping
Missiles
 T - 53 javelins of penetration (quivered)
Armour
 p - a +2 pair of boots of running (worn)
 r - the +18 shield of the gong (worn) {rElec rN+ MR+ EV-5}
   (You found it in the Dungeon)

   It affects your evasion (-5).
   It insulates you from electricity.
   It protects you from negative energy.
   It affects your resistance to hostile enchantments.
 I - a +5 gold dragon armour (worn)
 L - a +1 helmet of intelligence (worn)
 V - the +1 cloak of Pneteyt (worn) {rElec Str+3 Int-3 Slay+2}
   (You found it in the Dungeon)

   It affects your strength (+3).
   It affects your intelligence (-3).
   It affects your accuracy and damage with ranged weapons and melee attacks
   (+2).
   It insulates you from electricity.
Rods
 Y - a +2 rod of inaccuracy (11/11)
   (You found it in the Dungeon)
Jewellery
 k - the ring of Apafaergh {MR++ MP+9}
   (You found it in the Dungeon)

   [ring of magical power]

   It affects your resistance to hostile enchantments.
   It affects your magic capacity (+9).
 n - an uncursed amulet of resist corrosion
 q - the ring "Ekokhlin" {rElec rPois+ Str+4 Int-3 Dex+7}
   (You found it in the Dungeon)

   [ring of poison resistance]

   It affects your strength (+4).
   It affects your intelligence (-3).
   It affects your dexterity (+7).
   It insulates you from electricity.
   It protects you from poison.
 M - the ring "Urih" {Wiz +Blink rN+ MP+9}
   (You found it in the Dungeon)

   [ring of wizardry]

   It improves your spell success rate.
   It protects you from negative energy.
   It affects your magic capacity (+9).
   It lets you blink.
 N - a +5 ring of slaying (left hand)
 R - the ring "Xastasya" (right hand) {rC+ Int+2 Slay+2 SInv}
   (You found it in the Dungeon)

   [ring of see invisible]

   It affects your intelligence (+2).
   It affects your accuracy and damage with ranged weapons and melee attacks
   (+2).
   It protects you from cold.
   It enhances your eyesight.
 S - an uncursed ring of protection from fire
 W - the ring of Freimn {+Fly rC++ MP+9 Dex-3}
   (You found it in the Dungeon)

   [ring of flight]

   It affects your dexterity (-3).
   It greatly protects you from cold.
   It affects your magic capacity (+9).
   It lets you fly.
 X - the amulet of Coheuh (around neck) {Clar rN+ Int+2}
   (You found it in the Dungeon)

   [amulet of clarity]

   It provides mental clarity.
   It affects your intelligence (+2).
   It protects you from negative energy.
 Z - the cursed amulet of Dayxzoso {rMut rPois+ rN- Str-5 Int+11 Dex-5 Stlth+}
   (You found it in the Dungeon)

   [amulet of resist mutation]

   It protects you from mutation.
   It affects your strength (-5).
   It affects your intelligence (+11).
   It affects your dexterity (-5).
   It protects you from poison.
   It makes you vulnerable to negative energy.
   It makes you more stealthy.
   It has a curse placed upon it.
Magical devices
 d - a wand of heal wounds (6)
 j - a wand of disintegration (7)
 l - a wand of cold (4)
 O - a wand of heal wounds (5)
Scrolls
 i - 2 scrolls of blinking
 v - 3 scrolls of recharging
 w - 7 scrolls of fog
 x - 2 scrolls of holy word
 y - 4 scrolls of identify
 z - 3 scrolls of remove curse
 A - 2 scrolls of fear
Potions
 b - 10 potions of curing
 c - 12 potions of heal wounds
 e - 7 potions of haste
 g - 4 potions of magic
 h - 3 potions of berserk rage
 D - a potion of restore abilities
 E - 4 potions of resistance
 G - 2 potions of agility
 H - a potion of might
Miscellaneous
 m - 8 phials of floods
 o - 5 stones of tremors
 s - an ornate deck of summoning
 u - an ornate deck of escape
 F - 8 lamps of fire
 K - a sack of spiders {used: 1}
 Q - 4 fans of gales
 U - 3 phantom mirrors


   Skills:
 - Level 22.1 Fighting
   Level 0.2 Long Blades
 - Level 17.1 Axes
 - Level 14.5 Throwing
 - Level 26.3 Armour
 - Level 23.7 Dodging
 + Level 21.6 Shields
 O Level 27 Invocations
 - Level 26.7 Evocations


You had 14 spell levels left.
You knew the following spells:

 Your Spells              Type           Power        Failure   Level  Hunger
a - Blink                 Tloc           N/A          100%        2    ###....


Dungeon Overview and Level Annotations

Branches:
Dungeon (1/1)

Altars:
Ashenzari
Cheibriados
Dithmenos
Elyvilon
Fedhas
Gozag
Kikubaaqudgha
Makhleb
Nemelex Xobeh
Okawaru
Qazlal
Ru
Sif Muna
Trog
Vehumet
Xom
Yredelemnul
Zin
The Shining One
Beogh
Jiyva
Lugonu


Innate Abilities, Weirdness & Mutations

You are resistant to damage.
You can recharge devices by infusing magical energy.
You resist negative energy.
You passively map the area around you.
You do not heal naturally.
Your body is slowly deteriorating.


Message History

You swap places.
There is a staircase leading out of the dungeon, spattered with blood here.
Drink which item? (? for menu, Esc to quit)
You feel yourself speed up.
You are very lightly contaminated with residual magic.
Drink which item? (? for menu, Esc to quit)
You feel very mighty all of a sudden.
Drink which item? (? for menu, Esc to quit)
You feel agile all of a sudden.
Drink which item? (? for menu, Esc to quit)
You fade into invisibility!
Use which ability? (? or * to list) Elyvilon grants you divine vigour.
You feel a lot more hungry.
Use which ability? (? or * to list)
You beseech Elyvilon to protect your life.
Read which item? (? for menu, Esc to quit)
Okay, then.
Drink which item? (? for menu, Esc to quit)
You feel your intelligence returning.
You feel your dexterity returning.
You have escaped!

............▓.............▓D..8©8
............▓..▓.......▓..▓..):|?
............▓.............▓...[})
............▓.............▓......
............▓.............▓......
............▓▓▓▓▓▓▓▓▓▓▓▓▓▓▓......
............▓8888888888888▓......
▓.......▓...▓8..^.^......8▓......
............▓8.s@^^^.....8▓......
............▓8...........8▓......
............▓8888888888888▓▓▓▓▓▓▓
▓▓▓▓▓▓▓▓▓▓▓▓▓▓▓▓▓▓▓▓▓▓▓▓▓▓▓▓▓▓▓▓▓
.....8©8........▓Ce......8©8.....
[.=:[}[}:).})[:.▓m)?[[=.?|)...)..
::}=")|=?|.}=...▓.}).....[)?..}).
[))))=}":|=[}"".▓.=.[):|.}.|...[.
................▓..((()...)}.....


You could see a friendly redback.

Vanquished Creatures
  A bone dragon (D)
  An Ice Fiend (D)
  A deep elf master archer (D)
  A quicksilver dragon (D)
  2 shadow dragons (D)
  2 pandemonium lords (D)
  2 ghost moths (D)
  A cacodemon (D)
  2 ghouls (D)
  2 stone giants (D)
  4 merfolk javelineers (D)
  19 vault guards (D)
  A death ooze (D)
  3 merfolk impalers (D)
  A jiangshi (D)
  A yaktaur captain (D)
  A centaur warrior (D)
  2 merfolk aquamancers (D)
  A hell hog (D)
  2 soul eaters (D)
  An ice devil (D)
  A shadow wraith (D)
  A death drake (D)
  5 death scarabs (D)
  2 anubis guards (D)
  A swamp dragon (D)
  2 wolf spiders (D)
  2 harpies (D)
  2 cyclopes (D)
  3 orb spiders (D)
  6 hornets (D)
  4 hill giants (D)
  2 large abominations (D)
  2 sixfirhies (D)
  8 draconians (D)
  3 moths of wrath (D)
  3 griffons (D)
  A siren (D)
  3 rust devils (D)
  An eye of devastation (D)
  2 smoke demons (D)
  3 orange demons (D)
  2 demonic crawlers (D)
  A hellwing (D)
  3 yaktaurs (D)
  2 efreet (D)
  2 red devils (D)
  A mottled dragon (D)
  A fire drake (D)
  A tormentor (D)
  3 guardian mummies (D)
  2 jumping spiders (D)
  2 fire vortices (D)
  6 merfolk (D)
  A boulder beetle (D)
  A two-headed ogre (D)
  5 slime creatures (D)
  A raven (D)
  3 trapdoor spiders (D)
  3 flying skulls (D)
  3 ushabtiu (D)
  4 redbacks (D)
  A wraith (D)
  4 air elementals (D)
  A tarantella (D)
  A fire elemental (D)
  3 golden eyes (D)
  A wasp (D)
  A naga (D)
  2 insubstantial wisps (D)
  2 hell hounds (D)
  A water moccasin (D)
  2 swamp drakes (D)
  An eye of draining (D)
  A phantom (D)
  An ogre (D)
  2 centaurs (D)
  A small abomination (D)
  4 jellies (D)
  An iron imp (D)
  2 sheep (D)
  3 mummies (D)
  An adder (D)
  A white imp (D)
  A shadow imp (D)
  3 ufetubi (D)
  3 spectral adders (D)
  6 adder skeletons (D)
  2 adder zombies (D)
  2 oozes (D)
  2 spectral bats (D)
  3 bat zombies (D)
  A jackal (D)
  2 giant gecko skeletons (D)
  A giant gecko zombie (D)
  2 quokka skeletons (D)
  3 quokka zombies (D)
  A spectral ball python (D)
  A spectral giant cockroach (D)
  2 fungi (D)
227 creatures vanquished.

Vanquished Creatures (collateral kills)
  A pandemonium lord (D)
  3 golden dragons (D)
  An acid blob (D)
  A quicksilver dragon (D)
  2 shadow dragons (D)
  2 iron dragons (D)
  A reaper (D)
  A stone giant (D)
  2 merfolk javelineers (D)
  A yaktaur captain (D)
  An ice dragon (D)
  A catoblepas (D)
  2 soul eaters (D)
  A shadow wraith (D)
  A shadow demon (D)
  An oklob plant (D)
  A hornet (D)
  A phantasmal warrior (D)
  A shining eye (D)
  A black mamba (D)
  A rust devil (D)
  A spiny frog (D)
  2 eyes of devastation (D)
  A guardian mummy (D)
  A fire drake (D)
  A tormentor (D)
  A red devil (D)
  A jumping spider (D)
  A flying skull (D)
  A ynoxinul (D)
  A tarantella (D)
  A chaos spawn (D)
  2 eyes of draining (D)
  3 centaurs (D)
  A mummy (D)
  A river rat (D)
  A giant gecko (D)
  A bat simulacrum (D)
  A bat skeleton (D)
  3 jackals (D)
  A ball python skeleton (D)
  A giant newt (D)
  A kobold (D)
  A spectral giant cockroach (D)
56 creatures vanquished.

Vanquished Creatures (others)
  A pandemonium lord (D)
  An ancient lich (D)
  8 greater mummies (D)
  A golden dragon (D)
  3 liches (D)
  9 deep elf master archers (D)
  2 quicksilver dragons (D)
  A titan (D)
  A Shadow Fiend (D)
  11 shadow dragons (D)
  2 iron dragons (D)
  2 emperor scorpions (D)
  5 ghouls (D)
  A reaper (D)
  9 stone giants (D)
  A lorocyproca (D)
  A blizzard demon (D)
  A green death (D)
  6 merfolk javelineers (D)
  A merfolk impaler (D)
  20 vault guards (D)
  3 mummy priests (D)
  A fire dragon (D)
  A jiangshi (D)
  6 yaktaur captains (D)
  2 ice dragons (D)
  2 merfolk aquamancers (D)
  6 centaur warriors (D)
  A satyr (D)
  7 hell hogs (D)
  A thrashing horror (D)
  8 soul eaters (D)
  2 air elementals (D)
  3 swamp dragons (D)
  5 death drakes (D)
  An ice devil (D)
  A sea snake (D)
  A death scarab (D)
  10 orb spiders (D)
  8 wolf spiders (D)
  5 cyclopes (D)
  A manticore (D)
  2 rust devils (D)
  2 sixfirhies (D)
  8 fire elementals (D)
  2 orange demons (D)
  6 water elementals (D)
  2 smoke demons (D)
  A fire drake (D)
  10 yaktaurs (D)
  2 komodo dragons (D)
  A hellwing (D)
  3 blue devils (D)
  4 guardian mummies (D)
  3 red devils (D)
  An ushabti (D)
  A snapping turtle (D)
  15 jumping spiders (D)
  2 ravens (D)
  A dancing weapon (D)
  5 trapdoor spiders (D)
  A vampire (D)
  3 tarantellas (D)
  3 flying skulls (D)
  18 redbacks (D)
  A ynoxinul (D)
  A shadow (D)
  A wyvern (D)
  3 steam dragons (D)
  A chaos spawn (D)
  A neqoxec (D)
  2 hippogriffs (D)
  5 mottled dragons (D)
  4 swamp drakes (D)
  A naga (D)
  2 water moccasins (D)
  3 spiders (D)
  A hell hound (D)
  A crocodile (D)
  4 centaurs (D)
  A scorpion (D)
  A wight (D)
  A killer bee (D)
  4 quasits (D)
  2 iron imps (D)
  A sheep (D)
  4 worker ants (D)
  16 mummies (D)
  2 adders (D)
  A river rat (D)
  3 white imps (D)
  A worm (D)
  16 ufetubi (D)
  2 adder zombies (D)
  3 adder skeletons (D)
  2 spectral bats (D)
  3 bat skeletons (D)
  5 bat zombies (D)
  A goblin (D)
  2 jackals (D)
  A ball python zombie (D)
  2 giant cockroach zombies (D)
  2 giant gecko skeletons (D)
  A giant gecko zombie (D)
  2 jackal zombies (D)
  A kobold (D)
  2 quokka zombies (D)
  2 rats (D)
  A butterfly (D)
374 creatures vanquished.

Grand Total: 657 creatures vanquished

Notes
Turn   | Place    | Note
--------------------------------------------------------------
     0 | D        | BluebellGnoll, the Deep Dwarf Healer, began the quest for the Orb.
     0 | D        | Reached XP level 1. HP: 16/16 MP: 2/2
     0 | D        | Found a viscous altar of Jiyva.
     0 | D        | Found a corrupted altar of Lugonu.
     0 | D        | Found a white marble altar of Elyvilon.
     2 | D        | Found a sparkling altar of Nemelex Xobeh.
     2 | D        | Found a burning altar of Makhleb.
     3 | D        | Found a deep blue altar of Sif Muna.
     3 | D        | Found a bloodstained altar of Trog.
     6 | D        | Found an iron altar of Okawaru.
    15 | D        | Found a radiant altar of Vehumet.
    39 | D        | Found a basalt altar of Yredelemnul.
    49 | D        | Found a shimmering altar of Xom.
    57 | D        | Entered arena 1.
    57 | D        | Noticed a water moccasin
    66 | D        | Killed a water moccasin
    66 | D        | Reached skill level 1 in Fighting
    66 | D        | Reached skill level 5 in Dodging
    66 | D        | Reached skill level 9 in Invocations
    66 | D        | Reached XP level 2. HP: 22/25 MP: 0/7
    66 | D        | Reached XP level 3. HP: 27/31 MP: 0/10
    66 | D        | Reached XP level 4. HP: 33/38 MP: 0/12
    76 | D        | Reached skill level 10 in Armour
    76 | D        | Reached XP level 5. HP: 38/44 MP: 2/15
   166 | D        | Entered arena 2.
   166 | D        | Noticed a deep elf mage
   169 | D        | Pacified a deep elf mage
   169 | D        | Reached skill level 11 in Invocations
   169 | D        | Reached XP level 6. HP: 44/51 MP: 14/18
   169 | D        | Acquired Elyvilon's third power
   192 | D        | Entered arena 3.
   192 | D        | Noticed a draconian
   192 | D        | Noticed a draconian
   192 | D        | Noticed a draconian
   192 | D        | Noticed a draconian
   217 | D        | Killed a draconian
   217 | D        | Reached XP level 7. HP: 23/57 MP: 20/20
   227 | D        | Killed a draconian
   230 | D        | Killed a draconian
   230 | D        | Reached skill level 13 in Axes
   230 | D        | Reached XP level 8. HP: 13/64 MP: 22/22
   237 | D        | Killed a draconian
   237 | D        | Reached skill level 14 in Axes
   256 | D        | Entered arena 4.
   256 | D        | Noticed a draconian
   256 | D        | Noticed a draconian
   256 | D        | Noticed a draconian
   256 | D        | Noticed a draconian
   276 | D        | Killed a draconian
   276 | D        | Reached skill level 5 in Fighting
   276 | D        | Gained mutation: You passively map the area around you. [level up]
   276 | D        | Reached XP level 9. HP: 46/81 MP: 23/23
   279 | D        | Killed a draconian
   279 | D        | Killed a draconian
   286 | D        | Killed a draconian
   286 | D        | Reached skill level 10 in Fighting
   304 | D        | Entered arena 5.
   304 | D        | Noticed a naga
   304 | D        | Noticed a water moccasin
   304 | D        | Noticed a water moccasin
   306 | D        | Pacified a water moccasin
   307 | D        | Pacified a water moccasin
   308 | D        | Acquired Elyvilon's fourth power
   316 | D        | Killed a naga
   329 | D        | Got the amulet of Twilight {Regen+ MP-9 Str+5 Dex+4}
   346 | D        | Entered arena 6.
   346 | D        | Noticed an ogre
   346 | D        | Noticed a hill giant
   346 | D        | Noticed a two-headed ogre
   346 | D        | Noticed a hill giant
   346 | D        | Noticed a hill giant
   346 | D        | Noticed a hill giant
   352 | D        | Killed a hill giant
   354 | D        | Killed a hill giant
   354 | D        | Reached XP level 10. HP: 114/127 MP: 25/32
   354 | D        | Killed a two-headed ogre
   354 | D        | Reached skill level 15 in Invocations
   354 | D        | Killed an ogre
   358 | D        | Killed a hill giant
   358 | D        | Reached skill level 16 in Invocations
   359 | D        | Killed a hill giant
   359 | D        | Reached skill level 17 in Invocations
   372 | D        | Identified the Disquisition on Augmentations (You found it in the Dungeon)
   378 | D        | Learned a level 2 spell: Blink
   380 | D        | Entered arena 7.
   380 | D        | Noticed an insubstantial wisp
   380 | D        | Noticed an air elemental
   380 | D        | Noticed an insubstantial wisp
   380 | D        | Noticed an air elemental
   380 | D        | Noticed an air elemental
   380 | D        | Noticed an air elemental
   386 | D        | Killed an air elemental
   388 | D        | Killed an air elemental
   388 | D        | Reached skill level 5 in Evocations
   390 | D        | Killed an air elemental
   390 | D        | Killed an insubstantial wisp
   395 | D        | Killed an insubstantial wisp
   399 | D        | Killed an air elemental
   406 | D        | Got the ring "Urih" {Wiz +Blink rN+ MP+9}
   417 | D        | Entered arena 8.
   417 | D        | Noticed an eye of draining
   417 | D        | Noticed an eye of devastation
   417 | D        | Noticed an eye of draining
   417 | D        | Noticed an eye of devastation
   417 | D        | Noticed a jelly
   417 | D        | Noticed a jelly
   417 | D        | Noticed a golden eye
   418 | D        | Killed a jelly
   420 | D        | Killed a golden eye
   421 | D        | Killed a jelly
   424 | D        | Killed an eye of draining
   424 | D        | Reached skill level 10 in Evocations
   427 | D        | Killed an eye of devastation
   428 | D        | Killed an eye of devastation
   428 | D        | Killed an eye of draining
   443 | D        | Entered arena 9.
   443 | D        | Noticed a merfolk
   443 | D        | Noticed a merfolk
   443 | D        | Noticed a merfolk
   443 | D        | Noticed a centaur
   443 | D        | Noticed a merfolk
   443 | D        | Noticed a hippogriff
   446 | D        | Pacified a hippogriff
   447 | D        | Pacified a centaur
   447 | D        | Killed a hippogriff
   451 | D        | Killed a centaur
   453 | D        | Killed a merfolk
   457 | D        | Killed a merfolk
   457 | D        | Reached skill level 5 in Shields
   458 | D        | Killed a merfolk
   458 | D        | Reached XP level 11. HP: 95/108 MP: 2/28
   463 | D        | Killed a merfolk
   480 | D        | Identified Sif Muna's Incunabulum of Fire (You found it in the Dungeon)
   487 | D        | Entered arena 10.
   487 | D        | Noticed a fire drake
   487 | D        | Noticed a fire vortex
   487 | D        | Noticed a fire elemental
   487 | D        | Noticed a hell hog
   487 | D        | Noticed a fire vortex
   487 | D        | Noticed a hell hound
   487 | D        | Noticed an efreet
   487 | D        | Noticed an efreet
   488 | D        | Noticed a hell hound
   494 | D        | Killed a fire elemental
   496 | D        | Killed a fire vortex
   498 | D        | Killed a fire drake
   499 | D        | Killed a hell hound
   500 | D        | Killed an efreet
   502 | D        | Killed a hell hog
   502 | D        | Reached skill level 10 in Shields
   504 | D        | Killed an efreet
   505 | D        | Killed a hell hound
   509 | D        | Killed a fire vortex
   620 | D        | Entered arena 11.
   620 | D        | Noticed a vault guard
   620 | D        | Noticed a vault guard
   620 | D        | Noticed a shadow dragon
   620 | D        | Noticed a vault guard
   620 | D        | Noticed a vault guard
   620 | D        | Noticed a vault guard
   620 | D        | Noticed a vault guard
   620 | D        | Noticed a vault guard
   621 | D        | Noticed a vault guard
   622 | D        | Pacified a vault guard
   629 | D        | Noticed a vault guard
   633 | D        | Killed a vault guard
   633 | D        | Reached skill level 18 in Invocations
   637 | D        | Killed a vault guard
   637 | D        | Reached skill level 19 in Invocations
   638 | D        | Killed a vault guard
   641 | D        | Killed a vault guard
   641 | D        | Reached skill level 20 in Invocations
   644 | D        | Killed a vault guard
   644 | D        | Reached skill level 21 in Invocations
   647 | D        | Killed a vault guard
   650 | D        | Killed a shadow dragon
   650 | D        | Reached skill level 22 in Invocations
   650 | D        | Reached XP level 12. HP: 63/116 MP: 23/32
   655 | D        | Killed a vault guard
   655 | D        | Reached skill level 23 in Invocations
   660 | D        | Killed a vault guard
   687 | D        | Identified the Collected Works on the Birds and Attacks (You found it in the Dungeon)
   691 | D        | Entered arena 12.
   691 | D        | Noticed a shadow dragon
   692 | D        | Pacified a shadow dragon
   732 | D        | Entered arena 13.
   732 | D        | Noticed a wraith
   732 | D        | Noticed a necrophage
   733 | D        | Pacified a wraith
   734 | D        | Pacified a necrophage
   738 | D        | Noticed a shadow
   743 | D        | Pacified a shadow
   745 | D        | Noticed a wight
   745 | D        | Noticed a red devil
   746 | D        | Noticed a shadow
   749 | D        | Pacified a wight
   751 | D        | Pacified a shadow
   753 | D        | Pacified a red devil
   764 | D        | Got the +1 cloak of Pneteyt {rElec Str+3 Int-3 Slay+2}
   779 | D        | Entered arena 14.
   779 | D        | Noticed a wraith
   779 | D        | Noticed a reaper
   779 | D        | Noticed a skeletal warrior
   780 | D        | Pacified a wraith
   781 | D        | Pacified a skeletal warrior
   782 | D        | Pacified a reaper
   786 | D        | Noticed a tormentor
   787 | D        | Noticed a rust devil
   787 | D        | Noticed a rust devil
   787 | D        | Noticed a rust devil
   787 | D        | Noticed a tormentor
   788 | D        | Noticed a wight
   789 | D        | Noticed a wraith
   790 | D        | Noticed a hellion
   790 | D        | Noticed a red devil
   791 | D        | Pacified a tormentor
   795 | D        | Pacified a rust devil
   797 | D        | Pacified a tormentor
   805 | D        | Killed a rust devil
   806 | D        | Killed a wight
   807 | D        | Pacified a hellion
   809 | D        | Killed a rust devil
   813 | D        | Killed a rust devil
   814 | D        | Killed a wraith
   825 | D        | Killed a red devil
   836 | D        | Got the ring "Rumacryo" {Ice rPois+ rN+ MR+ MP+9 Str-5 Int+3 Dex+3 Slay-3 Stlth+}
   891 | D        | Entered arena 15.
   891 | D        | Noticed a merfolk javelineer
   891 | D        | Noticed a siren
   891 | D        | Noticed a griffon
   892 | D        | Noticed a merfolk aquamancer
   892 | D        | Noticed a griffon
   892 | D        | Noticed a merfolk avatar
   892 | D        | Noticed a merfolk aquamancer
   892 | D        | Noticed a merfolk javelineer
   893 | D        | Noticed a merfolk javelineer
   893 | D        | Noticed a merfolk aquamancer
   893 | D        | Noticed a sea snake
   893 | D        | Pacified a griffon
   894 | D        | Noticed a merfolk impaler
   894 | D        | Noticed a merfolk aquamancer
   894 | D        | Pacified a merfolk aquamancer
   895 | D        | Pacified a sea snake
   896 | D        | Noticed a merfolk
   897 | D        | Killed a sea snake
   901 | D        | Killed a merfolk aquamancer
   902 | D        | Killed a griffon
   903 | D        | Killed a merfolk aquamancer
   905 | D        | Killed a siren
   908 | D        | Killed a merfolk javelineer
   909 | D        | Killed a merfolk javelineer
   909 | D        | Reached skill level 15 in Fighting
   911 | D        | Killed a merfolk
   911 | D        | Killed a merfolk impaler
   913 | D        | Killed a merfolk aquamancer
   913 | D        | Reached XP level 13. HP: 41/140 MP: 34/34
   917 | D        | Killed a merfolk javelineer
   919 | D        | Pacified a merfolk avatar
   979 | D        | Entered arena 16.
   988 | D        | Noticed a slime creature
   988 | D        | Noticed a golden eye
   989 | D        | Killed a golden eye
   990 | D        | Noticed a shining eye
   990 | D        | Noticed an eye of devastation
   990 | D        | Noticed a jelly
   991 | D        | Noticed a jelly
   991 | D        | Noticed a death ooze
   991 | D        | Noticed a slime creature
   991 | D        | Noticed a large slime creature
   991 | D        | Noticed a slime creature
   991 | D        | Noticed a golden eye
   993 | D        | Noticed an acid blob
   995 | D        | Killed a slime creature
   995 | D        | Killed a jelly
   997 | D        | Killed a shining eye
   998 | D        | Killed a jelly
   999 | D        | Killed a golden eye
  1000 | D        | Killed a death ooze
  1004 | D        | Killed a slime creature
  1007 | D        | Killed an eye of devastation
  1009 | D        | Killed a slime creature
  1009 | D        | Killed an acid blob
  1010 | D        | Killed a slime creature
  1010 | D        | Killed a slime creature
  1021 | D        | Got the amulet "Thamapp" {rPois+ Regen+ Dex+5}
  1041 | D        | Entered arena 17.
  1049 | D        | Noticed a merfolk javelineer
  1049 | D        | Noticed a harpy
  1049 | D        | Noticed a merfolk impaler
  1050 | D        | Noticed a merfolk impaler
  1050 | D        | Noticed a manticore
  1050 | D        | Noticed a merfolk aquamancer
  1050 | D        | Noticed a griffon
  1050 | D        | Pacified a merfolk javelineer
  1051 | D        | Noticed a merfolk
  1051 | D        | Noticed a merfolk aquamancer
  1051 | D        | Pacified a manticore
  1052 | D        | Noticed a satyr
  1052 | D        | Noticed a merfolk aquamancer
  1052 | D        | Noticed a griffon
  1052 | D        | Pacified a merfolk impaler
  1053 | D        | Noticed a merfolk impaler
  1055 | D        | Killed a merfolk impaler
  1059 | D        | Killed a manticore
  1063 | D        | Killed a griffon
  1063 | D        | Killed a harpy
  1064 | D        | Noticed a snapping turtle
  1064 | D        | Killed a merfolk impaler
  1065 | D        | Noticed a harpy
  1065 | D        | Pacified a snapping turtle
  1066 | D        | Pacified a merfolk aquamancer
  1068 | D        | Pacified a satyr
  1070 | D        | Killed a griffon
  1071 | D        | Pacified a merfolk aquamancer
  1071 | D        | Killed a snapping turtle
  1072 | D        | Pacified a merfolk aquamancer
  1072 | D        | Killed a merfolk aquamancer
  1073 | D        | Noticed a merfolk aquamancer
  1073 | D        | Killed a harpy
  1074 | D        | Pacified a merfolk aquamancer
  1077 | D        | Killed a satyr
  1079 | D        | Killed a merfolk
  1080 | D        | Noticed a cyclops
  1081 | D        | Killed a merfolk javelineer
  1088 | D        | Killed a merfolk impaler
  1089 | D        | Pacified a cyclops
  1124 | D        | Got the +2 pair of boots of Impressiveness {Slay+2}
  1153 | D        | Entered arena 18.
  1153 | D        | Noticed a hell hound
  1154 | D        | Noticed a hell hound
  1154 | D        | Pacified a hell hound
  1155 | D        | Pacified a hell hound
  1159 | D        | Noticed a hell hound
  1159 | D        | Pacified a hell hound
  1167 | D        | Noticed a hellion
  1167 | D        | Noticed a reaper
  1169 | D        | Pacified a hellion
  1170 | D        | Noticed a hellion
  1171 | D        | Noticed a hell knight
  1172 | D        | Noticed a phantom
  1172 | D        | Noticed a shadow
  1172 | D        | Pacified a hellion
  1173 | D        | Noticed a red devil
  1173 | D        | Pacified a reaper
  1177 | D        | Noticed a hell hog
  1178 | D        | Noticed a hellion
  1178 | D        | Killed a shadow
  1179 | D        | Pacified a hellion
  1180 | D        | Pacified a hell knight
  1180 | D        | Killed a red devil
  1183 | D        | Killed a phantom
  1184 | D        | Noticed a wraith
  1184 | D        | Pacified a hell hog
  1188 | D        | Pacified a wraith
  1235 | D        | Entered arena 19.
  1246 | D        | Noticed a large abomination
  1246 | D        | Noticed a quasit
  1246 | D        | Noticed a lich
  1247 | D        | Noticed a quasit
  1247 | D        | Noticed a large abomination
  1247 | D        | Noticed a neqoxec
  1247 | D        | Pacified a neqoxec
  1248 | D        | Noticed a rakshasa
  1248 | D        | Pacified a lich
  1249 | D        | Noticed a small abomination
  1249 | D        | Pacified a quasit
  1250 | D        | Noticed a lich
  1251 | D        | Noticed a ynoxinul
  1251 | D        | Pacified a rakshasa
  1251 | D        | Reached skill level 10 in Dodging
  1253 | D        | Pacified a lich
  1254 | D        | Noticed a blizzard demon
  1254 | D        | Noticed an iron imp
  1254 | D        | Killed a quasit
  1255 | D        | Killed a small abomination
  1258 | D        | Killed a quasit
  1260 | D        | Pacified a blizzard demon
  1262 | D        | Noticed a smoke demon
  1262 | D        | Killed an iron imp
  1263 | D        | Noticed a quasit
  1263 | D        | Noticed a quasit
  1264 | D        | Noticed an iron imp
  1264 | D        | Pacified a ynoxinul
  1265 | D        | Killed a large abomination
  1266 | D        | Killed a large abomination
  1267 | D        | Pacified a smoke demon
  1271 | D        | Killed a quasit
  1273 | D        | Killed a quasit
  1275 | D        | Killed an iron imp
  1292 | D        | Noticed a thrashing horror
  1298 | D        | Killed a thrashing horror
  1327 | D        | Identified a +2 pair of boots of running (You found it in the Dungeon)
  1328 | D        | Got the ring "Ekokhlin" {rElec rPois+ Str+4 Int-3 Dex+7}
  1365 | D        | Entered arena 20.
  1376 | D        | Noticed a yak
  1376 | D        | Noticed a komodo dragon
  1377 | D        | Noticed a boulder beetle
  1377 | D        | Noticed a spiny frog
  1377 | D        | Noticed a death yak
  1377 | D        | Noticed a komodo dragon
  1378 | D        | Noticed a water moccasin
  1378 | D        | Noticed a komodo dragon
  1378 | D        | Pacified a yak
  1379 | D        | Noticed a water moccasin
  1379 | D        | Noticed a fire drake
  1379 | D        | Pacified a death yak
  1380 | D        | Pacified a spiny frog
  1382 | D        | Noticed a spiny frog
  1383 | D        | Pacified a komodo dragon
  1383 | D        | Killed a komodo dragon
  1384 | D        | Pacified a water moccasin
  1384 | D        | Killed a water moccasin
  1385 | D        | Noticed a five-headed hydra
  1385 | D        | Killed a komodo dragon
  1388 | D        | Pacified a fire drake
  1389 | D        | Pacified a water moccasin
  1389 | D        | Killed a water moccasin
  1390 | D        | Pacified a spiny frog
  1395 | D        | Noticed a komodo dragon
  1396 | D        | Noticed a komodo dragon
  1396 | D        | Pacified a komodo dragon
  1397 | D        | Pacified a five-headed hydra
  1398 | D        | Noticed a crocodile
  1398 | D        | Pacified a komodo dragon
  1399 | D        | Noticed a water moccasin
  1401 | D        | Killed a crocodile
  1402 | D        | Killed a boulder beetle
  1404 | D        | Noticed a hippogriff
  1404 | D        | Pacified a water moccasin
  1406 | D        | Noticed a catoblepas
  1407 | D        | Pacified a catoblepas
  1407 | D        | Reached skill level 15 in Dodging
  1410 | D        | Killed a hippogriff
  1424 | D        | Noticed an oklob plant
  1435 | D        | Noticed a black mamba
  1435 | D        | Pacified a black mamba
  1442 | D        | Killed an oklob plant
  1450 | D        | Killed a black mamba
  1450 | D        | Killed a catoblepas
  1452 | D        | Killed a fire drake
  1455 | D        | Killed a spiny frog
  1492 | D        | Entered arena 21.
  1502 | D        | Noticed a hornet
  1503 | D        | Noticed a wolf spider
  1503 | D        | Noticed a demonic crawler
  1503 | D        | Noticed a hornet
  1503 | D        | Noticed a hornet
  1504 | D        | Noticed a redback
  1504 | D        | Noticed a ghost moth
  1505 | D        | Noticed a hornet
  1505 | D        | Killed a hornet
  1506 | D        | Noticed a moth of wrath
  1506 | D        | Noticed a tarantella
  1506 | D        | Noticed a wolf spider
  1507 | D        | Noticed a redback
  1507 | D        | Noticed a trapdoor spider
  1507 | D        | Noticed a moth of wrath
  1507 | D        | Noticed a wasp
  1508 | D        | Noticed an orb spider
  1508 | D        | Killed a hornet
  1508 | D        | Gained mutation: You resist negative energy. [level up]
  1508 | D        | Reached XP level 14. HP: 139/151 MP: 11/35
  1508 | D        | Killed a wolf spider
  1508 | D        | Reached skill level 24 in Invocations
  1509 | D        | Noticed a redback
  1509 | D        | Killed a redback
  1509 | D        | Killed a tarantella
  1511 | D        | Noticed a hornet
  1511 | D        | Killed a hornet
  1511 | D        | Killed a demonic crawler
  1511 | D        | Killed a trapdoor spider
  1512 | D        | Noticed a moth of wrath
  1512 | D        | Killed a redback
  1513 | D        | Noticed a jumping spider
  1513 | D        | Killed a hornet
  1514 | D        | Noticed a jumping spider
  1514 | D        | Noticed a redback
  1514 | D        | Noticed a hornet
  1514 | D        | Killed a wolf spider
  1514 | D        | Killed a ghost moth
  1514 | D        | Reached skill level 25 in Invocations
  1515 | D        | Noticed a trapdoor spider
  1515 | D        | Noticed an orb spider
  1515 | D        | Noticed a hornet
  1515 | D        | Killed an orb spider
  1517 | D        | Noticed an orb spider
  1518 | D        | Noticed a trapdoor spider
  1518 | D        | Killed a moth of wrath
  1518 | D        | Killed a redback
  1518 | D        | Killed a wasp
  1520 | D        | Killed a redback
  1521 | D        | Killed a moth of wrath
  1522 | D        | Killed a jumping spider
  1522 | D        | Killed a trapdoor spider
  1523 | D        | Killed a hornet
  1524 | D        | Killed a hornet
  1524 | D        | Reached skill level 26 in Invocations
  1525 | D        | Killed a moth of wrath
  1527 | D        | Killed a trapdoor spider
  1529 | D        | Killed a ghost moth
  1531 | D        | Killed a hornet
  1535 | D        | Killed an orb spider
  1536 | D        | Killed an orb spider
  1540 | D        | Killed a jumping spider
  1673 | D        | Identified the Tome of Darkness (You found it in the Dungeon)
  1702 | D        | Entered arena 22.
  1716 | D        | Noticed a lich
  1716 | D        | Noticed an ancient lich
  1717 | D        | Pacified a lich
  1717 | D        | Reached skill level 27 in Invocations
  1718 | D        | Noticed a stone giant
  1718 | D        | Noticed an ancient lich
  1719 | D        | Noticed a yaktaur
  1719 | D        | Pacified an ancient lich
  1720 | D        | Noticed a vault guard
  1720 | D        | Pacified an ancient lich
  1721 | D        | Noticed a stone giant
  1721 | D        | Noticed a shadow dragon
  1721 | D        | Pacified a shadow dragon
  1721 | D        | Reached skill level 15 in Armour
  1721 | D        | Killed an ancient lich
  1722 | D        | Noticed a vault guard
  1722 | D        | Noticed a titan
  1722 | D        | Noticed a vault guard
  1723 | D        | Noticed a yaktaur
  1724 | D        | Noticed a vault guard
  1724 | D        | Noticed a vault guard
  1724 | D        | Noticed a vault guard
  1724 | D        | Noticed a vault guard
  1725 | D        | Noticed a vault guard
  1725 | D        | Noticed a stone giant
  1725 | D        | Pacified a titan
  1726 | D        | Noticed a vault guard
  1726 | D        | Noticed a vault guard
  1726 | D        | Noticed a shadow dragon
  1726 | D        | Killed a shadow dragon
  1727 | D        | Noticed a yaktaur
  1727 | D        | Noticed a shadow dragon
  1728 | D        | Noticed a vault guard
  1728 | D        | Noticed a lich
  1728 | D        | Noticed a stone giant
  1728 | D        | Killed a vault guard
  1729 | D        | Pacified a stone giant
  1729 | D        | Killed a stone giant
  1730 | D        | Noticed a vault guard
  1730 | D        | Noticed a stone giant
  1730 | D        | Identified a +3 rod of the swarm (9/14)
  1733 | D        | Killed a vault guard
  1734 | D        | Noticed a vault guard
  1734 | D        | Noticed a lich
  1734 | D        | Pacified a shadow dragon
  1735 | D        | Pacified a lich
  1735 | D        | Killed a stone giant
  1735 | D        | Killed a yaktaur
  1735 | D        | Killed a vault guard
  1737 | D        | Killed a vault guard
  1737 | D        | Killed a vault guard
  1738 | D        | Noticed a cacodemon
  1738 | D        | Killed a vault guard
  1738 | D        | Killed a stone giant
  1739 | D        | Killed a vault guard
  1739 | D        | Killed a yaktaur
  1739 | D        | Killed a yaktaur
  1740 | D        | Killed a vault guard
  1741 | D        | Killed a vault guard
  1741 | D        | Killed a vault guard
  1743 | D        | Noticed an Executioner
  1743 | D        | Killed a stone giant
  1743 | D        | Killed a vault guard
  1744 | D        | Killed a shadow dragon
  1744 | D        | Killed a vault guard
  1746 | D        | Killed a stone giant
  1750 | D        | Pacified a lich
  1754 | D        | Noticed an Ice Fiend
  1754 | D        | Pacified a shadow dragon
  1754 | D        | Killed a vault guard
  1758 | D        | Killed a vault guard
  1760 | D        | Killed a stone giant
  1761 | D        | Killed a vault guard
  1885 | D        | Entered arena 23.
  1900 | D        | Noticed a vault guard
  1900 | D        | Noticed a yaktaur
  1900 | D        | Noticed a yaktaur
  1901 | D        | Noticed a stone giant
  1901 | D        | Noticed a vault guard
  1901 | D        | Noticed a yaktaur captain
  1901 | D        | Noticed a shadow dragon
  1901 | D        | Pacified a shadow dragon
  1902 | D        | Noticed an ancient lich
  1903 | D        | Pacified an ancient lich
  1903 | D        | Reached XP level 15. HP: 152/158 MP: 32/37
  1904 | D        | Noticed a vault guard
  1905 | D        | Noticed a lich
  1905 | D        | Noticed a vault guard
  1906 | D        | Noticed a shadow dragon
  1906 | D        | Noticed a vault guard
  1906 | D        | Noticed a yaktaur
  1906 | D        | Noticed a yaktaur
  1906 | D        | Noticed a shadow dragon
  1907 | D        | Noticed a vault guard
  1907 | D        | Noticed a lich
  1908 | D        | Noticed a vault guard
  1908 | D        | Noticed a vault guard
  1908 | D        | Pacified a lich
  1909 | D        | Noticed a yaktaur
  1909 | D        | Noticed a vault guard
  1909 | D        | Pacified a shadow dragon
  1910 | D        | Noticed a stone giant
  1910 | D        | Noticed a stone giant
  1911 | D        | Noticed a Brimstone Fiend
  1911 | D        | Noticed a vault guard
  1911 | D        | Noticed a vault guard
  1911 | D        | Noticed a vault guard
  1911 | D        | Pacified a lich
  1912 | D        | Noticed a stone giant
  1912 | D        | Noticed a vault guard
  1912 | D        | Pacified a shadow dragon
  1913 | D        | Noticed a vault guard
  1913 | D        | Noticed a lich
  1913 | D        | Noticed a lich
  1913 | D        | Noticed a yaktaur
  1914 | D        | Noticed a vault guard
  1914 | D        | Noticed an ancient lich
  1914 | D        | Killed a lich
  1915 | D        | Noticed a Shadow Fiend
  1915 | D        | Killed a shadow dragon
  1916 | D        | Killed a yaktaur
  1917 | D        | Noticed a titan
  1917 | D        | Pacified a lich
  1918 | D        | Noticed a vault guard
  1919 | D        | Killed a shadow dragon
  1921 | D        | Pacified an ancient lich
  1923 | D        | Noticed an Executioner
  1925 | D        | Noticed an ancient lich
  1926 | D        | Pacified an ancient lich
  1926 | D        | Killed a vault guard
  1926 | D        | Killed a vault guard
  1927 | D        | Noticed an ancient lich
  1927 | D        | Pacified a vault guard
  1927 | D        | Killed a yaktaur
  1928 | D        | Pacified a yaktaur captain
  1928 | D        | Killed a titan
  1928 | D        | Killed a stone giant
  1929 | D        | Noticed an Ice Fiend
  1929 | D        | Noticed an Ice Fiend
  1929 | D        | Pacified an ancient lich
  1929 | D        | Killed a lich
  1929 | D        | Killed a vault guard
  1929 | D        | Killed a vault guard
  1929 | D        | Killed a yaktaur
  1930 | D        | Killed a vault guard
  1930 | D        | Killed a yaktaur captain
  1930 | D        | Killed a yaktaur
  1930 | D        | Killed a vault guard
  1931 | D        | Pacified a stone giant
  1931 | D        | Killed a vault guard
  1931 | D        | Killed a vault guard
  1931 | D        | Killed a stone giant
  1931 | D        | Killed a stone giant
  1932 | D        | Killed a yaktaur
  1933 | D        | Pacified a vault guard
  1933 | D        | Killed a vault guard
  1936 | D        | Killed a vault guard
  1936 | D        | Killed a vault guard
  1937 | D        | Killed a vault guard
  1937 | D        | Killed a vault guard
  1938 | D        | Killed a vault guard
  1938 | D        | Killed a yaktaur
  1938 | D        | Killed a vault guard
  1939 | D        | Killed a vault guard
  1939 | D        | Killed a lich
  2007 | D        | Got the ring "Xastasya" {rC+ Int+2 Slay+2 SInv}
  2028 | D        | Killed a stone giant
  2099 | D        | Entered arena 24.
  2112 | D        | Noticed a mottled dragon
  2113 | D        | Pacified a mottled dragon
  2117 | D        | Noticed an iron dragon
  2117 | D        | Noticed a swamp dragon
  2117 | D        | Noticed a steam dragon
  2118 | D        | Noticed a death drake
  2118 | D        | Pacified a steam dragon
  2118 | D        | Killed a mottled dragon
  2119 | D        | Noticed a steam dragon
  2119 | D        | Pacified a swamp dragon
  2120 | D        | Noticed a steam dragon
  2120 | D        | Pacified a death drake
  2120 | D        | Killed a steam dragon
  2121 | D        | Noticed a golden dragon
  2121 | D        | Noticed a quicksilver dragon
  2121 | D        | Noticed a shadow dragon
  2122 | D        | Killed a steam dragon
  2123 | D        | Noticed a swamp drake
  2124 | D        | Noticed a swamp dragon
  2124 | D        | Noticed a death drake
  2124 | D        | Noticed a mottled dragon
  2124 | D        | Pacified a golden dragon
  2125 | D        | Noticed a fire drake
  2125 | D        | Noticed a swamp drake
  2125 | D        | Pacified a quicksilver dragon
  2126 | D        | Noticed an ice dragon
  2126 | D        | Noticed a death drake
  2126 | D        | Noticed a swamp drake
  2126 | D        | Killed a death drake
  2126 | D        | Killed a swamp dragon
  2127 | D        | Noticed a shadow dragon
  2127 | D        | Noticed a swamp dragon
  2128 | D        | Noticed an ice dragon
  2128 | D        | Noticed a fire dragon
  2128 | D        | Noticed an iron dragon
  2129 | D        | Pacified a shadow dragon
  2129 | D        | Killed a death drake
  2129 | D        | Killed a fire drake
  2130 | D        | Noticed an iron dragon
  2130 | D        | Noticed a death drake
  2130 | D        | Noticed a death drake
  2130 | D        | Pacified a death drake
  2131 | D        | Noticed a mottled dragon
  2131 | D        | Noticed a swamp drake
  2131 | D        | Noticed a swamp drake
  2131 | D        | Killed a swamp drake
  2132 | D        | Noticed a wyvern
  2132 | D        | Killed a quicksilver dragon
  2134 | D        | Noticed a golden dragon
  2135 | D        | Noticed a mottled dragon
  2135 | D        | Noticed a swamp drake
  2135 | D        | Killed a mottled dragon
  2135 | D        | Killed a shadow dragon
  2135 | D        | Killed a death drake
  2136 | D        | Noticed a death drake
  2136 | D        | Killed a swamp dragon
  2136 | D        | Killed a swamp drake
  2137 | D        | Noticed a golden dragon
  2137 | D        | Noticed a golden dragon
  2137 | D        | Noticed a shadow dragon
  2138 | D        | Noticed a mottled dragon
  2138 | D        | Noticed a quicksilver dragon
  2139 | D        | Noticed a mottled dragon
  2142 | D        | Noticed a quicksilver dragon
  2142 | D        | Noticed an ice dragon
  2142 | D        | Killed a death drake
  2144 | D        | Pacified a golden dragon
  2145 | D        | Noticed an iron dragon
  2145 | D        | Pacified an iron dragon
  2146 | D        | Pacified a quicksilver dragon
  2146 | D        | Killed a mottled dragon
  2147 | D        | Noticed a swamp dragon
  2147 | D        | Pacified a death drake
  2147 | D        | Killed a swamp drake
  2148 | D        | Killed a swamp drake
  2148 | D        | Killed a quicksilver dragon
  2150 | D        | Killed a mottled dragon
  2151 | D        | Pacified a death drake
  2151 | D        | Killed an iron dragon
  2152 | D        | Pacified a golden dragon
  2152 | D        | Killed an ice dragon
  2152 | D        | Killed a death drake
  2154 | D        | Killed a wyvern
  2155 | D        | Killed a golden dragon
  2156 | D        | Pacified a steam dragon
  2156 | D        | Killed a fire dragon
  2157 | D        | Killed a mottled dragon
  2157 | D        | Killed a steam dragon
  2157 | D        | Killed a death drake
  2158 | D        | Pacified a shadow dragon
  2159 | D        | Killed a swamp drake
  2165 | D        | Pacified an iron dragon
  2165 | D        | Killed a swamp dragon
  2168 | D        | Killed an iron dragon
  2170 | D        | Pacified a golden dragon
  2171 | D        | Pacified a shadow dragon
  2172 | D        | Pacified an iron dragon
  2173 | D        | Killed an ice dragon
  2174 | D        | Killed a swamp drake
  2175 | D        | Killed a mottled dragon
  2175 | D        | Killed a swamp dragon
  2179 | D        | Pacified an iron dragon
  2180 | D        | Pacified a quicksilver dragon
  2181 | D        | Pacified an ice dragon
  2289 | D        | Got the ring of Apafaergh {MR++ MP+9}
  2309 | D        | Killed a quicksilver dragon
  2312 | D        | Killed an ice dragon
  2322 | D        | Killed a golden dragon
  2336 | D        | Killed a shadow dragon
  2342 | D        | Killed a golden dragon
  2352 | D        | Killed a golden dragon
  2369 | D        | Killed an iron dragon
  2376 | D        | Killed an iron dragon
  2394 | D        | Killed a shadow dragon
  2425 | D        | Entered arena 25.
  2442 | D        | Noticed a soul eater
  2442 | D        | Noticed a soul eater
  2443 | D        | Pacified a soul eater
  2445 | D        | Pacified a soul eater
  2446 | D        | Noticed a soul eater
  2448 | D        | Noticed a soul eater
  2448 | D        | Noticed a soul eater
  2448 | D        | Noticed a ghoul
  2448 | D        | Noticed a soul eater
  2449 | D        | Noticed a soul eater
  2449 | D        | Noticed a shadow dragon
  2449 | D        | Noticed a soul eater
  2449 | D        | Noticed a shadow dragon
  2449 | D        | Noticed a soul eater
  2451 | D        | Noticed a bone dragon
  2451 | D        | Noticed a soul eater
  2453 | D        | Noticed a shadow dragon
  2453 | D        | Noticed a shadow dragon
  2453 | D        | Pacified a soul eater
  2455 | D        | Noticed a ghoul
  2455 | D        | Noticed a ghoul
  2455 | D        | Noticed a shadow dragon
  2456 | D        | Noticed a ghoul
  2457 | D        | Noticed a Shadow Fiend
  2457 | D        | Noticed a ghoul
  2458 | D        | Noticed a shadow dragon
  2460 | D        | Pacified a soul eater
  2461 | D        | Killed a soul eater
  2462 | D        | Pacified a soul eater
  2463 | D        | Pacified a soul eater
  2464 | D        | Noticed a soul eater
  2467 | D        | Noticed a soul eater
  2467 | D        | Noticed a ghoul
  2467 | D        | Pacified a shadow dragon
  2467 | D        | Reached XP level 16. HP: 83/184 MP: 21/38
  2467 | D        | Killed a soul eater
  2468 | D        | Noticed a shadow dragon
  2469 | D        | Killed a soul eater
  2471 | D        | Killed a soul eater
  2472 | D        | Noticed a shadow dragon
  2473 | D        | Noticed a reaper
  2474 | D        | Killed a shadow dragon
  2477 | D        | Pacified a Shadow Fiend
  2478 | D        | Pacified a shadow dragon
  2482 | D        | Pacified a soul eater
  2483 | D        | Noticed a ghoul
  2483 | D        | Killed a shadow dragon
  2484 | D        | Noticed a hell hound
  2484 | D        | Pacified a ghoul
  2489 | D        | Pacified a ghoul
  2490 | D        | Killed a hell hound
  2491 | D        | Killed a ghoul
  2492 | D        | Killed a soul eater
  2494 | D        | Pacified a ghoul
  2495 | D        | Pacified a soul eater
  2495 | D        | Killed a Shadow Fiend
  2496 | D        | Noticed a soul eater
  2498 | D        | Killed a ghoul
  2500 | D        | Pacified a reaper
  2500 | D        | Killed a ghoul
  2501 | D        | Pacified a ghoul
  2501 | D        | Killed a shadow dragon
  2502 | D        | Pacified a soul eater
  2504 | D        | Killed a soul eater
  2505 | D        | Killed a ghoul
  2506 | D        | Pacified a shadow dragon
  2507 | D        | Pacified a shadow dragon
  2510 | D        | Killed a ghoul
  2512 | D        | Killed a shadow dragon
  2516 | D        | Killed a shadow dragon
  2518 | D        | Pacified a soul eater
  2519 | D        | Killed a ghoul
  2520 | D        | Killed a soul eater
  2521 | D        | Killed a shadow dragon
  2522 | D        | Killed a soul eater
  2522 | D        | Killed a shadow dragon
  2522 | D        | Killed a soul eater
  2523 | D        | Killed a soul eater
  2528 | D        | Pacified a shadow dragon
  2531 | D        | Killed a bone dragon
  2532 | D        | Killed a ghoul
  2577 | D        | Got the ring "Gykob" {rC+ Int+4 Dex-4 SInv}
  2591 | D        | Got the amulet of Sku Khar {Ward +Blink +Inv rC- rN+ MP+9 Int-2 Stlth+}
  2610 | D        | Got the ring of Freimn {+Fly rC++ MP+9 Dex-3}
  2615 | D        | Got the ring of Twiokhlerr {rPois+ rN+ MR- Dex+4}
  2623 | D        | Got the amulet of Coheuh {Clar rN+ Int+2}
  2655 | D        | Got the amulet of Dayxzoso {rMut rPois+ rN- Str-5 Int+11 Dex-5 Stlth+}
  2663 | D        | Entered arena 26.
  2687 | D        | Noticed a merfolk javelineer
  2688 | D        | Noticed a cyclops
  2689 | D        | Noticed a deep elf master archer
  2689 | D        | Noticed a yaktaur captain
  2689 | D        | Pacified a cyclops
  2690 | D        | Noticed a deep elf master archer
  2690 | D        | Noticed a cyclops
  2691 | D        | Pacified a cyclops
  2692 | D        | Noticed a deep elf master archer
  2692 | D        | Noticed a centaur
  2692 | D        | Noticed a centaur
  2692 | D        | Pacified a yaktaur captain
  2693 | D        | Noticed a deep elf master archer
  2693 | D        | Noticed a merfolk javelineer
  2693 | D        | Noticed a centaur warrior
  2693 | D        | Pacified a deep elf master archer
  2694 | D        | Noticed a centaur warrior
  2694 | D        | Noticed a yaktaur captain
  2694 | D        | Killed a centaur
  2695 | D        | Noticed a deep elf master archer
  2695 | D        | Noticed a yaktaur captain
  2695 | D        | Pacified a merfolk javelineer
  2696 | D        | Noticed a deep elf master archer
  2696 | D        | Pacified a centaur warrior
  2696 | D        | Killed a cyclops
  2697 | D        | Noticed a deep elf master archer
  2697 | D        | Noticed a merfolk javelineer
  2697 | D        | Killed a centaur warrior
  2697 | D        | Killed a deep elf master archer
  2698 | D        | Noticed a centaur warrior
  2698 | D        | Noticed a centaur warrior
  2698 | D        | Pacified a merfolk javelineer
  2698 | D        | Killed a merfolk javelineer
  2698 | D        | Killed a cyclops
  2699 | D        | Noticed a stone giant
  2699 | D        | Noticed a merfolk javelineer
  2699 | D        | Noticed a merfolk javelineer
  2699 | D        | Pacified a deep elf master archer
  2700 | D        | Noticed a centaur
  2700 | D        | Noticed a centaur
  2700 | D        | Pacified a yaktaur captain
  2701 | D        | Noticed a deep elf master archer
  2701 | D        | Pacified a deep elf master archer
  2702 | D        | Noticed a merfolk javelineer
  2702 | D        | Noticed a centaur
  2702 | D        | Noticed a centaur
  2702 | D        | Pacified a stone giant
  2702 | D        | Killed a centaur warrior
  2703 | D        | Noticed a stone giant
  2703 | D        | Noticed a deep elf master archer
  2703 | D        | Noticed a yaktaur
  2703 | D        | Noticed a yaktaur captain
  2703 | D        | Pacified a deep elf master archer
  2703 | D        | Killed a yaktaur captain
  2704 | D        | Noticed a cyclops
  2704 | D        | Noticed a centaur warrior
  2704 | D        | Pacified a yaktaur captain
  2705 | D        | Noticed a centaur warrior
  2705 | D        | Pacified a centaur warrior
  2705 | D        | Killed a yaktaur captain
  2706 | D        | Noticed a merfolk javelineer
  2706 | D        | Pacified a cyclops
  2706 | D        | Killed a deep elf master archer
  2706 | D        | Killed a yaktaur captain
  2707 | D        | Noticed a yaktaur captain
  2708 | D        | Noticed a deep elf master archer
  2708 | D        | Noticed a yaktaur
  2708 | D        | Killed a deep elf master archer
  2709 | D        | Noticed a centaur
  2709 | D        | Noticed a cyclops
  2709 | D        | Killed a centaur
  2709 | D        | Was placed under penance by Elyvilon
  2709 | D        | Killed a centaur
  2709 | D        | Killed a stone giant
  2710 | D        | Noticed a yaktaur
  2710 | D        | Pacified a centaur
  2710 | D        | Killed a cyclops
  2710 | D        | Killed a centaur warrior
  2711 | D        | Noticed a centaur
  2711 | D        | Noticed a yaktaur captain
  2711 | D        | Pacified a centaur warrior
  2711 | D        | Killed a deep elf master archer
  2711 | D        | Killed a centaur
  2711 | D        | Killed a centaur
  2712 | D        | Noticed a yaktaur captain
  2713 | D        | Noticed a cyclops
  2713 | D        | Killed a merfolk javelineer
  2717 | D        | Killed a centaur warrior
  2721 | D        | Pacified a merfolk javelineer
  2721 | D        | Was forgiven by Elyvilon
  2722 | D        | Pacified a centaur
  2724 | D        | Pacified a merfolk javelineer
  2724 | D        | Identified the +6 falchion of Amorality {drain, rC+ Str+2 SInv}
  2725 | D        | Killed a merfolk javelineer
  2726 | D        | Noticed a merfolk javelineer
  2726 | D        | Killed a centaur
  2727 | D        | Noticed a cyclops
  2729 | D        | Noticed a stone giant
  2730 | D        | Noticed a yaktaur
  2730 | D        | Pacified a centaur warrior
  2730 | D        | Killed a merfolk javelineer
  2733 | D        | Noticed a cyclops
  2733 | D        | Killed a centaur warrior
  2735 | D        | Pacified a deep elf master archer
  2735 | D        | Killed a centaur
  2736 | D        | Noticed a merfolk javelineer
  2737 | D        | Noticed a deep elf master archer
  2737 | D        | Pacified a deep elf master archer
  2738 | D        | Pacified a yaktaur captain
  2739 | D        | Noticed a centaur warrior
  2739 | D        | Killed a deep elf master archer
  2740 | D        | Pacified a yaktaur
  2740 | D        | Killed a yaktaur captain
  2741 | D        | Pacified a centaur
  2742 | D        | Killed a yaktaur
  2743 | D        | Killed a centaur
  2743 | D        | Killed a deep elf master archer
  2744 | D        | Identified the +8 arbalest of Wehin {flame, Int+2}
  2744 | D        | Killed a yaktaur captain
  2746 | D        | Pacified a stone giant
  2747 | D        | Pacified a centaur warrior
  2748 | D        | Pacified a merfolk javelineer
  2750 | D        | Pacified a yaktaur
  2750 | D        | Killed a yaktaur
  2750 | D        | Killed a merfolk javelineer
  2751 | D        | Pacified a yaktaur captain
  2751 | D        | Killed a yaktaur
  2752 | D        | Killed a merfolk javelineer
  2752 | D        | Killed a cyclops
  2753 | D        | Killed a yaktaur captain
  2755 | D        | Pacified a deep elf master archer
  2755 | D        | Killed a centaur warrior
  2756 | D        | Killed a yaktaur captain
  2757 | D        | Killed a deep elf master archer
  2758 | D        | Killed a merfolk javelineer
  2759 | D        | Pacified a deep elf master archer
  2761 | D        | Killed a yaktaur
  2762 | D        | Pacified a deep elf master archer
  2763 | D        | Pacified a merfolk javelineer
  2764 | D        | Pacified a merfolk javelineer
  2764 | D        | Killed a merfolk javelineer
  2767 | D        | Killed a stone giant
  2767 | D        | Killed a cyclops
  2768 | D        | Killed a deep elf master archer
  2770 | D        | Killed a deep elf master archer
  2771 | D        | Killed a cyclops
  2772 | D        | Killed a cyclops
  2773 | D        | Killed a deep elf master archer
  2774 | D        | Killed a centaur warrior
  2952 | D        | Entered arena 27.
  2970 | D        | Noticed a greater mummy
  2972 | D        | Pacified a greater mummy
  2972 | D        | Reached skill level 15 in Axes
  2978 | D        | Noticed a flying skull
  2978 | D        | Noticed a greater mummy
  2978 | D        | Noticed a mummy priest
  2978 | D        | Noticed a mummy priest
  2980 | D        | Pacified a greater mummy
  2980 | D        | Reached skill level 5 in Throwing
  2981 | D        | Pacified a mummy priest
  2984 | D        | Pacified a flying skull
  2989 | D        | Noticed an ushabti
  2997 | D        | Pacified a mummy priest
  3009 | D        | Killed an ushabti
  3013 | D        | Noticed a greater mummy
  3017 | D        | Pacified a greater mummy
  3026 | D        | Killed a mummy priest
  3026 | D        | Killed a greater mummy
  3027 | D        | Killed a greater mummy
  3028 | D        | Identified a +2 rod of inaccuracy (11/11) (You found it in the Dungeon)
  3032 | D        | Noticed a flying skull
  3032 | D        | Noticed an ushabti
  3032 | D        | Noticed a death scarab
  3032 | D        | Noticed an anubis guard
  3033 | D        | Noticed a guardian mummy
  3036 | D        | Noticed an ushabti
  3036 | D        | Noticed a flying skull
  3036 | D        | Killed a death scarab
  3037 | D        | Noticed a flying skull
  3038 | D        | Noticed an anubis guard
  3038 | D        | Noticed a greater mummy
  3038 | D        | Pacified a flying skull
  3038 | D        | Killed a flying skull
  3039 | D        | Noticed a flying skull
  3039 | D        | Noticed a guardian mummy
  3039 | D        | Noticed a greater mummy
  3041 | D        | Killed a flying skull
  3042 | D        | Noticed a flying skull
  3043 | D        | Noticed a death scarab
  3043 | D        | Killed a guardian mummy
  3044 | D        | Killed an anubis guard
  3051 | D        | Noticed a flying skull
  3055 | D        | Noticed a guardian mummy
  3055 | D        | Killed a guardian mummy
  3056 | D        | Noticed a greater mummy
  3056 | D        | Noticed a guardian mummy
  3056 | D        | Killed a death scarab
  3057 | D        | Noticed a guardian mummy
  3058 | D        | Killed a guardian mummy
  3058 | D        | Killed an anubis guard
  3058 | D        | Killed a flying skull
  3058 | D        | Killed a flying skull
  3060 | D        | Noticed a guardian mummy
  3060 | D        | Killed a guardian mummy
  3062 | D        | Pacified a greater mummy
  3062 | D        | Reached skill level 10 in Throwing
  3063 | D        | Noticed a mummy priest
  3063 | D        | Pacified a mummy priest
  3063 | D        | Reached XP level 17. HP: 85/192 MP: 21/38
  3064 | D        | Noticed an ushabti
  3066 | D        | Killed a flying skull
  3066 | D        | Killed an ushabti
  3068 | D        | Killed an ushabti
  3068 | D        | Killed an ushabti
  3069 | D        | Noticed a mummy priest
  3069 | D        | Killed a guardian mummy
  3069 | D        | Killed a greater mummy
  3069 | D        | Killed a mummy priest
  3071 | D        | Noticed a greater mummy
  3071 | D        | Pacified a greater mummy
  3072 | D        | Noticed a guardian mummy
  3072 | D        | Killed a guardian mummy
  3072 | D        | Killed a guardian mummy
  3073 | D        | Killed a greater mummy
  3077 | D        | Pacified a mummy priest
  3090 | D        | Pacified a greater mummy
  3090 | D        | Killed a flying skull
  3091 | D        | Pacified a guardian mummy
  3092 | D        | Killed a greater mummy
  3102 | D        | Got the +10 war axe of the Mushroom {freeze, +Blink rC+ Int-3 Dex-2}
  3214 | D        | Got the Orb of Zot
  3804 | D        | Noticed a Brimstone Fiend
  3804 | D        | Pacified a Brimstone Fiend
  3858 | D        | Killed a mummy priest
  3865 | D        | Noticed an Orb Guardian
  3867 | D        | Pacified an Orb Guardian
  3881 | D        | Killed a guardian mummy
  4386 | D        | Noticed an Orb Guardian
  4387 | D        | Pacified an Orb Guardian
  4929 | D        | Noticed Goezy the pandemonium lord
  4947 | D        | Killed Goezy the pandemonium lord
  4947 | D        | Reached skill level 15 in Shields
  5029 | D        | Noticed Ximirpho the pandemonium lord
  5029 | D        | Noticed an Ice Fiend
  5038 | D        | Gained mutation: Your body is slowly deteriorating. [a cacodemon]
  5046 | D        | Killed Ximirpho the pandemonium lord
  5047 | D        | Killed an Ice Fiend
  5087 | D        | Killed a greater mummy
  5092 | D        | Killed a flying skull
  5093 | D        | Killed a greater mummy
  5101 | D        | Killed a greater mummy
  5101 | D        | Killed Sirem the pandemonium lord
  6299 | D        | Noticed an Orb Guardian
  6299 | D        | Pacified an Orb Guardian
  7224 | D        | Noticed a Brimstone Fiend
  7224 | D        | Pacified a Brimstone Fiend
  7451 | D        | Noticed Chig the pandemonium lord
  7475 | D        | Killed Chig the pandemonium lord
  7684 | D        | Escaped with the Orb!

Action                   |  1- 3 |  4- 6 |  7- 9 | 10-12 | 13-15 | 16-18 || total
-------------------------+-------+-------+-------+-------+-------+-------++-------
Melee: Double sword      |     7 |    14 |       |       |       |       ||    21
       Broad axe         |       |    20 |    50 |   123 |   106 |    38 ||   337
       War axe           |       |       |       |       |       |    42 ||    42
Throw: Javelin           |       |       |       |       |       |     5 ||     5
       Throwing net      |       |       |       |       |       |     1 ||     1
Invok: Lesser Healing    |     2 |     8 |    15 |     7 |    22 |    29 ||    83
       Divine Vigour     |       |       |     1 |     1 |       |     6 ||     8
       Greater Healing   |       |       |       |    29 |   104 |   147 ||   280
       Lesser Self-Heali |       |       |       |     8 |     4 |       ||    12
       Greater Self-Heal |       |       |       |     3 |    29 |    13 ||    45
       Purification      |       |       |       |       |     1 |     1 ||     2
       Divine Protection |       |       |       |       |       |     2 ||     2
 Abil: Device Recharging |       |       |     1 |       |       |       ||     1
Evoke: Wand              |       |       |     5 |     2 |     1 |       ||     8
       Lamp of fire      |       |       |       |     3 |     4 |     3 ||    10
       Sack of spiders   |       |       |       |       |    24 |     4 ||    28
       Phial of floods   |       |       |       |       |     2 |     1 ||     3
       Deck              |       |       |       |       |     1 |     2 ||     3
       Rod               |       |       |       |       |     3 |     1 ||     4
       Fan of gales      |       |       |       |       |       |     1 ||     1
       Phantom mirror    |       |       |       |       |       |     1 ||     1
  Use: Potion            |       |     1 |     2 |       |     4 |    16 ||    23
       Scroll            |       |       |     1 |     4 |     5 |     2 ||    12
 Stab: Distracted        |       |       |       |       |     2 |       ||     2
       Held in net/web   |       |       |       |       |       |     1 ||     1
  Eat: Fruit             |       |       |     6 |       |       |    36 ||    42
       Royal jelly       |       |       |     3 |       |     4 |       ||     7
       Chunk             |       |       |       |     4 |    46 |    20 ||    70
       Meat ration       |       |       |       |     1 |     1 |     2 ||     4
       Bread ration      |       |       |       |       |       |     6 ||     6
